[ PARTIDA AOE2 · #482199535 ]
Team RMArmenios vs Celts
[ ANÁLISIS DE REPETICIÓN · EXTRAÍDO DE LA PARTIDA GRABADA ]
Feudal
12:59
Castillos
36:11
Imperial
—
| APM promedio | 41.1 |
| APM pico | 147 |
| eAPM promedio | 19.5 |
| Aldeanos / militares | 93 / 152 |
Foco
⚔️ 42.4% · 🌾 57.6%
Spearman ×121 · Militia ×27 · Archer ×4
Feudal
11:59
Castillos
16:20
Imperial
35:37
| APM promedio | 30.6 |
| APM pico | 82 |
| eAPM promedio | 14.2 |
| Aldeanos / militares | 126 / 197 |
Foco
⚔️ 34.9% · 🌾 65.1%
Cavalry Archer ×94 · Hand Cannoneer ×69 · Spearman ×18 · Trebuchet (Packed) ×10 · Monk ×5 · Samurai ×1
Feudal
10:55
Castillos
14:47
Imperial
32:00
| APM promedio | 39.3 |
| APM pico | 77 |
| eAPM promedio | 18.1 |
| Aldeanos / militares | 107 / 200 |
Foco
⚔️ 37.3% · 🌾 62.7%
Knight ×160 · Skirmisher ×38 · Trebuchet (Packed) ×2
Feudal
—
Castillos
—
Imperial
—
| APM promedio | 25.6 |
| APM pico | 75 |
| eAPM promedio | 12.3 |
| Aldeanos / militares | 57 / 100 |
Foco
⚔️ 40.0% · 🌾 60.0%
Militia ×65 · Skirmisher ×21 · Spearman ×7 · Archer ×7
Mapa de la partida
Recursos al inicio + cada clic de construcción. Línea gruesa = muro · recuadro discontinuo = muro de casas detectado. 🟡 oro · ⚪ piedra · 🟢 bayas · 🔶 jabalí · ⭕ reliquia
Inputs por minuto
— Huey123 - - Zetoxa
Build order — Huey123
Primeras 150 de 354 acciones detectadas
| 0:01 | Crear | Villager (Male) |
| 0:01 | Crear | Villager (Male) |
| 0:01 | Crear | Villager (Male) |
| 0:02 | Crear | Villager (Male) |
| 0:03 | Construir | House |
| 0:04 | Construir | House |
| 1:31 | Crear | Villager (Male) |
| 1:54 | Crear | Villager (Male) |
| 2:17 | Crear | Villager (Male) |
| 2:52 | Crear | Villager (Male) |
| 2:59 | Construir | House |
| 3:17 | Crear | Villager (Male) |
| 3:38 | Construir | Mule Cart |
| 3:46 | Crear | Villager (Male) |
| 4:23 | Crear | Villager (Male) |
| 4:24 | Crear | Villager (Male) |
| 4:26 | Construir | Mill |
| 5:18 | Crear | Villager (Male) |
| 5:18 | Crear | Villager (Male) |
| 5:18 | Crear | Villager (Male) |
| 6:01 | Crear | Villager (Male) |
| 6:01 | Crear | Villager (Male) |
| 6:14 | Construir | House |
| 6:19 | Construir | Building 796 |
| 6:23 | Crear | Villager (Male) |
| 7:03 | Construir | House |
| 7:10 | Investigar | Loom |
| 7:11 | Crear | Villager (Male) |
| 7:11 | Crear | Villager (Male) |
| 8:02 | Construir | Barracks |
| 8:09 | Construir | House |
| 8:14 | Construir | House |
| 8:44 | Crear | Villager (Male) |
| 8:45 | Crear | Villager (Male) |
| 8:45 | Crear | Villager (Male) |
| 9:01 | Crear | Villager (Male) |
| 9:33 | Crear | Militia |
| 9:34 | Crear | Militia |
| 10:00 | Crear | Villager (Male) |
| 10:41 | Crear | Villager (Male) |
| 10:43 | Investigar | Feudal Age |
| 11:09 | Construir | Mule Cart |
| 11:52 | Crear | Militia |
| 12:31 | Construir | Farm |
| 12:34 | Construir | Farm |
| 12:37 | Construir | Farm |
| 12:45 | Crear | Militia |
| 12:59 | Edad | Edad Feudal |
| 13:02 | Investigar | Man-at-Arms (upgrade) |
| 13:08 | Construir | Blacksmith |
| 13:15 | Investigar | Double-Bit Axe |
| 13:17 | Crear | Villager (Male) |
| 13:17 | Crear | Villager (Male) |
| 13:18 | Crear | Villager (Male) |
| 13:23 | Construir | Farm |
| 13:23 | Construir | Farm |
| 13:26 | Investigar | Horse Collar |
| 13:32 | Crear | Militia |
| 13:53 | Investigar | Forging |
| 14:20 | Crear | Militia |
| 14:32 | Crear | Villager (Male) |
| 14:59 | Crear | Militia |
| 15:02 | Crear | Spearman |
| 15:14 | Crear | Villager (Male) |
| 15:17 | Construir | Farm |
| 15:19 | Construir | Farm |
| 15:34 | Crear | Militia |
| 15:39 | Crear | Militia |
| 16:02 | Construir | Farm |
| 16:09 | Crear | Militia |
| 16:11 | Construir | Barracks |
| 16:21 | Construir | Building 490 |
| 16:36 | Crear | Villager (Male) |
| 16:36 | Crear | Villager (Male) |
| 16:49 | Construir | Market |
| 17:06 | Construir | House |
| 17:07 | Construir | House |
| 17:07 | Construir | House |
| 17:08 | Construir | House |
| 17:13 | Investigar | Pikeman (upgrade) |
| 17:35 | Crear | Spearman |
| 17:35 | Crear | Spearman |
| 17:42 | Crear | Villager (Male) |
| 17:42 | Crear | Villager (Male) |
| 17:43 | Crear | Villager (Male) |
| 17:45 | Construir | Farm |
| 17:46 | Construir | Farm |
| 17:46 | Construir | Farm |
| 17:50 | Construir | Farm |
| 17:50 | Construir | Farm |
| 17:50 | Construir | Farm |
| 17:51 | Construir | Farm |
| 17:51 | Construir | Farm |
| 17:51 | Construir | Farm |
| 17:56 | Crear | Villager (Male) |
| 18:05 | Crear | Spearman |
| 18:24 | Crear | Spearman |
| 18:36 | Crear | Villager (Male) |
| 18:43 | Crear | Militia |
| 19:01 | Construir | Stone Wall |
| 19:02 | Construir | Stone Wall |
| 19:06 | Construir | Stone Wall |
| 19:06 | Construir | Stone Wall |
| 19:06 | Construir | Stone Wall |
| 19:19 | Construir | Stone Wall |
| 19:19 | Construir | Stone Wall |
| 19:26 | Crear | Spearman |
| 19:26 | Crear | Spearman |
| 19:37 | Crear | Spearman |
| 19:42 | Construir | Stone Wall |
| 19:51 | Construir | Palisade Wall |
| 20:01 | Crear | Spearman |
| 20:06 | Construir | House |
| 20:08 | Construir | House |
| 20:10 | Construir | House |
| 20:15 | Construir | Stone Wall |
| 20:27 | Investigar | Long Swordsman (upgrade) |
| 20:34 | Construir | Archery Range |
| 21:11 | Construir | House |
| 21:12 | Construir | House |
| 21:17 | Crear | Archer |
| 21:18 | Crear | Archer |
| 21:18 | Crear | Archer |
| 21:20 | Construir | House |
| 21:25 | Investigar | Wheelbarrow |
| 21:26 | Crear | Villager (Male) |
| 21:26 | Crear | Villager (Male) |
| 21:26 | Crear | Villager (Male) |
| 21:33 | Crear | Spearman |
| 21:34 | Crear | Spearman |
| 22:10 | Crear | Villager (Male) |
| 22:10 | Crear | Villager (Male) |
| 22:26 | Crear | Archer |
| 22:42 | Crear | Villager (Male) |
| 22:43 | Crear | Villager (Male) |
| 22:43 | Crear | Villager (Male) |
| 23:21 | Construir | House |
| 23:24 | Construir | Stone Wall |
| 23:32 | Crear | Villager (Male) |
| 23:32 | Crear | Villager (Male) |
| 24:02 | Crear | Villager (Male) |
| 24:15 | Construir | Stone Wall |
| 24:18 | Crear | Villager (Male) |
| 24:42 | Crear | Villager (Male) |
| 25:44 | Construir | Stone Wall |
| 25:45 | Construir | Stone Wall |
| 25:47 | Construir | Stone Wall |
| 25:49 | Construir | Stone Wall |
| 25:52 | Construir | Stone Wall |
| 26:29 | Crear | Villager (Male) |
Build order — Zetoxa
Primeras 150 de 290 acciones detectadas
| 0:01 | Crear | Villager (Male) ×4 |
| 0:02 | Construir | House |
| 0:04 | Construir | House |
| 1:24 | Crear | Villager (Male) |
| 1:45 | Construir | Lumber Camp |
| 2:01 | Crear | Villager (Male) |
| 2:15 | Crear | Villager (Male) |
| 2:39 | Crear | Villager (Male) |
| 3:01 | Construir | House |
| 3:04 | Crear | Villager (Male) |
| 3:32 | Crear | Villager (Male) |
| 3:32 | Crear | Villager (Male) |
| 3:52 | Crear | Villager (Male) |
| 4:16 | Construir | House |
| 4:17 | Construir | House |
| 4:26 | Crear | Villager (Male) |
| 4:26 | Crear | Villager (Male) |
| 4:41 | Construir | Lumber Camp |
| 5:03 | Crear | Villager (Male) |
| 5:03 | Crear | Villager (Male) |
| 5:34 | Construir | Barracks |
| 5:48 | Crear | Villager (Male) |
| 6:01 | Construir | Palisade Wall |
| 6:04 | Construir | Palisade Wall |
| 6:10 | Construir | Building 804 |
| 6:22 | Construir | Mill |
| 6:27 | Crear | Villager (Male) |
| 6:50 | Crear | Villager (Male) |
| 7:30 | Crear | Villager (Male) |
| 7:33 | Crear | Villager (Male) |
| 8:02 | Crear | Villager (Male) |
| 8:27 | Construir | Mining Camp |
| 8:31 | Construir | Mining Camp |
| 8:47 | Crear | Villager (Male) |
| 9:14 | Crear | Villager (Male) |
| 9:49 | Investigar | Feudal Age |
| 10:15 | Construir | House |
| 11:18 | Construir | Farm |
| 11:19 | Construir | Farm |
| 11:19 | Construir | Farm |
| 11:20 | Construir | Farm |
| 11:24 | Construir | Farm |
| 11:41 | Crear | Villager (Male) |
| 11:42 | Crear | Villager (Male) |
| 11:42 | Investigar | Loom |
| 11:59 | Edad | Edad Feudal |
| 12:05 | Construir | Market |
| 12:10 | Construir | Blacksmith |
| 12:26 | Construir | Farm |
| 12:28 | Construir | Farm |
| 12:31 | Construir | Farm |
| 12:34 | Construir | Farm |
| 12:39 | Construir | Farm |
| 13:11 | Crear | Villager (Male) |
| 13:17 | Construir | Farm |
| 13:40 | Investigar | Castle Age |
| 13:52 | Construir | Archery Range |
| 13:53 | Construir | Archery Range |
| 14:12 | Investigar | Double-Bit Axe |
| 14:58 | Crear | Spearman |
| 14:58 | Crear | Spearman |
| 15:22 | Crear | Villager (Male) |
| 15:24 | Crear | Villager (Male) |
| 15:27 | Construir | House |
| 15:28 | Construir | House |
| 15:33 | Investigar | Horse Collar |
| 15:35 | Investigar | Fletching |
| 16:07 | Crear | Villager (Male) |
| 16:20 | Edad | Edad de los Castillos |
| 16:21 | Construir | Town Center |
| 16:25 | Crear | Cavalry Archer |
| 16:25 | Crear | Cavalry Archer |
| 16:32 | Investigar | Bodkin Arrow |
| 16:44 | Crear | Villager (Male) |
| 16:48 | Crear | Cavalry Archer |
| 17:10 | Crear | Cavalry Archer |
| 17:38 | Investigar | Bow Saw |
| 17:41 | Crear | Villager (Male) |
| 17:44 | Crear | Cavalry Archer |
| 18:03 | Construir | Monastery |
| 18:13 | Crear | Cavalry Archer |
| 18:23 | Crear | Villager (Male) |
| 18:23 | Crear | Villager (Male) |
| 18:27 | Construir | House |
| 18:29 | Construir | House |
| 18:30 | Construir | House |
| 18:34 | Crear | Villager (Male) |
| 18:41 | Crear | Villager (Male) ×4 |
| 18:51 | Crear | Monk |
| 19:12 | Construir | Building 487 |
| 19:14 | Construir | Stone Wall |
| 19:17 | Construir | Stone Wall |
| 19:23 | Crear | Villager (Male) ×3 |
| 19:28 | Crear | Villager (Male) |
| 19:29 | Crear | Villager (Male) |
| 19:39 | Crear | Cavalry Archer |
| 19:39 | Crear | Cavalry Archer |
| 19:47 | Construir | University |
| 20:07 | Crear | Monk |
| 20:18 | Crear | Villager (Male) |
| 20:20 | Investigar | Wheelbarrow |
| 20:23 | Crear | Cavalry Archer |
| 21:59 | Crear | Cavalry Archer ×5 |
| 22:00 | Crear | Cavalry Archer ×2 |
| 22:00 | Crear | Cavalry Archer ×2 |
| 23:19 | Crear | Villager (Male) ×5 |
| 23:21 | Crear | Villager (Male) ×5 |
| 23:23 | Construir | House |
| 23:23 | Construir | House |
| 23:24 | Construir | House |
| 23:24 | Construir | House |
| 23:29 | Investigar | Hand Cart |
| 23:29 | Investigar | Town Watch |
| 24:35 | Construir | Town Center |
| 25:03 | Crear | Villager (Male) ×5 |
| 25:05 | Crear | Villager (Male) ×5 |
| 25:11 | Investigar | Ballistics |
| 25:52 | Crear | Cavalry Archer ×5 |
| 25:52 | Crear | Cavalry Archer ×5 |
| 27:01 | Crear | Villager (Male) ×5 |
| 27:03 | Crear | Villager (Male) ×5 |
| 27:04 | Crear | Villager (Male) |
| 27:11 | Construir | Farm |
| 27:11 | Construir | Farm |
| 27:11 | Construir | Farm |
| 27:11 | Construir | Farm |
| 27:31 | Crear | Cavalry Archer ×5 |
| 27:31 | Crear | Cavalry Archer ×5 |
| 28:25 | Construir | House |
| 28:26 | Construir | House |
| 28:26 | Construir | House |
| 28:26 | Construir | House |
| 28:27 | Construir | House |
| 28:27 | Construir | House |
| 28:28 | Construir | House |
| 28:36 | Construir | Mill |
| 28:36 | Construir | Farm |
| 28:36 | Construir | Farm |
| 28:37 | Construir | Farm |
| 28:37 | Construir | Farm |
| 28:37 | Construir | Farm |
| 28:37 | Construir | Farm |
| 28:38 | Construir | Farm |
| 28:38 | Construir | Farm |
| 28:38 | Construir | Farm |
| 28:38 | Construir | Farm |
| 28:38 | Construir | Farm |
| 28:39 | Construir | Farm |
| 28:39 | Construir | Farm |
| 28:42 | Construir | House |
Build order — 17_Ovlin
Primeras 150 de 468 acciones detectadas
| 0:02 | Crear | Villager (Male) |
| 0:02 | Crear | Villager (Male) |
| 0:11 | Construir | House |
| 0:12 | Construir | House |
| 0:16 | Crear | Villager (Male) |
| 0:16 | Crear | Villager (Male) |
| 0:16 | Crear | Villager (Male) |
| 1:28 | Crear | Villager (Male) |
| 1:28 | Crear | Villager (Male) |
| 1:53 | Construir | Lumber Camp |
| 2:16 | Crear | Villager (Male) |
| 2:31 | Crear | Villager (Male) |
| 2:55 | Crear | Villager (Male) |
| 3:13 | Crear | Villager (Male) |
| 3:22 | Construir | House |
| 3:24 | Construir | House |
| 3:31 | Crear | Villager (Male) |
| 4:04 | Crear | Villager (Male) |
| 4:10 | Construir | Mill |
| 4:19 | Construir | Building 796 |
| 4:23 | Construir | Palisade Wall |
| 4:32 | Crear | Villager (Male) |
| 4:32 | Crear | Villager (Male) |
| 5:09 | Crear | Villager (Male) |
| 5:10 | Crear | Villager (Male) |
| 5:36 | Crear | Villager (Male) |
| 5:59 | Construir | House |
| 6:16 | Crear | Villager (Male) |
| 6:41 | Crear | Villager (Male) |
| 6:58 | Crear | Villager (Male) |
| 7:18 | Crear | Villager (Male) |
| 7:34 | Crear | Villager (Male) |
| 8:07 | Crear | Villager (Male) |
| 8:28 | Construir | Mining Camp |
| 8:39 | Investigar | Feudal Age |
| 9:12 | Construir | Barracks |
| 9:38 | Construir | House |
| 9:54 | Construir | Farm |
| 10:03 | Construir | Farm |
| 10:55 | Crear | Villager (Male) |
| 10:55 | Edad | Edad Feudal |
| 10:55 | Crear | Villager (Male) |
| 11:01 | Construir | Blacksmith |
| 11:14 | Construir | Stable |
| 11:35 | Construir | Farm |
| 11:38 | Construir | Farm |
| 11:42 | Crear | Villager (Male) |
| 12:21 | Investigar | Castle Age |
| 12:28 | Construir | House |
| 12:43 | Construir | Stable |
| 13:14 | Construir | Farm |
| 13:20 | Construir | Farm |
| 13:39 | Investigar | Horse Collar |
| 14:34 | Crear | Villager (Male) |
| 14:34 | Crear | Villager (Male) |
| 14:42 | Construir | Farm |
| 14:47 | Edad | Edad de los Castillos |
| 14:48 | Construir | Farm |
| 14:49 | Crear | Knight |
| 14:50 | Crear | Knight |
| 14:51 | Crear | Knight |
| 14:52 | Crear | Knight |
| 14:55 | Crear | Villager (Male) |
| 15:00 | Construir | Farm |
| 15:13 | Crear | Villager (Male) |
| 15:20 | Construir | Farm |
| 15:57 | Crear | Knight |
| 15:57 | Crear | Knight |
| 15:59 | Crear | Villager (Male) |
| 16:01 | Construir | Farm |
| 16:05 | Construir | Farm |
| 16:11 | Crear | Villager (Male) |
| 16:48 | Crear | Knight |
| 16:48 | Crear | Knight |
| 16:58 | Construir | House |
| 16:59 | Construir | House |
| 17:00 | Construir | House |
| 17:01 | Construir | House |
| 17:03 | Crear | Villager (Male) |
| 17:03 | Investigar | Wheelbarrow |
| 17:04 | Crear | Villager (Male) |
| 17:04 | Crear | Villager (Male) |
| 17:42 | Crear | Knight |
| 17:58 | Crear | Villager (Male) |
| 18:02 | Construir | Farm |
| 18:02 | Construir | Farm |
| 18:27 | Crear | Knight |
| 18:28 | Crear | Knight |
| 18:29 | Crear | Villager (Male) |
| 18:29 | Crear | Villager (Male) |
| 18:47 | Construir | Farm |
| 18:47 | Construir | Farm |
| 18:47 | Construir | Farm |
| 18:53 | Investigar | Double-Bit Axe |
| 18:59 | Crear | Knight |
| 19:09 | Crear | Villager (Male) |
| 19:11 | Crear | Villager (Male) |
| 20:03 | Crear | Knight |
| 20:04 | Crear | Knight |
| 20:44 | Investigar | Forging |
| 20:45 | Investigar | Scale Barding Armor |
| 20:45 | Crear | Villager (Male) |
| 20:46 | Crear | Villager (Male) |
| 20:54 | Construir | Town Center |
| 22:09 | Crear | Villager (Male) |
| 22:09 | Crear | Villager (Male) |
| 22:09 | Crear | Villager (Male) |
| 22:09 | Crear | Villager (Male) |
| 22:10 | Crear | Villager (Male) |
| 22:10 | Crear | Villager (Male) |
| 22:17 | Crear | Knight |
| 22:17 | Crear | Knight |
| 22:17 | Crear | Knight |
| 22:18 | Crear | Knight |
| 22:49 | Construir | Farm |
| 22:51 | Construir | Farm |
| 22:52 | Construir | Farm |
| 22:52 | Construir | Farm |
| 22:53 | Construir | Farm |
| 22:53 | Construir | Farm |
| 22:53 | Construir | Farm |
| 22:53 | Construir | Farm |
| 22:54 | Construir | Farm |
| 22:54 | Construir | Farm |
| 22:54 | Construir | Farm |
| 22:55 | Construir | Farm |
| 22:59 | Crear | Villager (Male) |
| 22:59 | Crear | Villager (Male) |
| 22:59 | Crear | Villager (Male) |
| 24:16 | Crear | Villager (Male) |
| 24:17 | Crear | Villager (Male) |
| 24:17 | Crear | Villager (Male) |
| 24:17 | Crear | Villager (Male) |
| 24:18 | Crear | Villager (Male) |
| 24:18 | Crear | Villager (Male) |
| 24:23 | Construir | Farm |
| 24:26 | Construir | Farm |
| 24:26 | Crear | Villager (Male) |
| 24:27 | Crear | Villager (Male) |
| 24:27 | Crear | Villager (Male) |
| 24:39 | Crear | Villager (Male) |
| 24:40 | Crear | Villager (Male) |
| 24:43 | Construir | Farm |
| 25:01 | Investigar | Heavy Plow |
| 25:02 | Crear | Villager (Male) |
| 25:02 | Crear | Villager (Male) |
| 25:03 | Crear | Villager (Male) |
| 25:28 | Construir | House |
| 25:29 | Construir | House |
| 25:29 | Construir | House |
Build order — MarinMaths
Primeras 150 de 229 acciones detectadas
| 0:00 | Crear | Villager (Male) |
| 0:01 | Crear | Villager (Male) |
| 0:01 | Crear | Villager (Male) |
| 0:01 | Crear | Villager (Male) |
| 0:02 | Construir | Barracks |
| 0:04 | Construir | House |
| 1:46 | Crear | Villager (Male) |
| 1:46 | Crear | Villager (Male) |
| 2:02 | Construir | House |
| 2:13 | Crear | Villager (Male) |
| 2:13 | Crear | Villager (Male) |
| 2:44 | Crear | Militia |
| 2:44 | Crear | Militia |
| 2:50 | Investigar | Loom |
| 2:51 | Investigar | Loom |
| 3:39 | Crear | Militia |
| 3:49 | Construir | House |
| 4:08 | Crear | Villager (Male) |
| 4:08 | Crear | Villager (Male) |
| 4:19 | Crear | Villager (Male) |
| 4:21 | Crear | Militia |
| 5:34 | Crear | Militia |
| 5:34 | Crear | Militia |
| 5:42 | Crear | Villager (Male) |
| 5:42 | Crear | Villager (Male) |
| 5:42 | Crear | Villager (Male) |
| 6:03 | Crear | Villager (Male) |
| 6:28 | Crear | Militia |
| 6:28 | Crear | Militia |
| 6:39 | Construir | House |
| 7:08 | Crear | Villager (Male) |
| 7:08 | Crear | Villager (Male) |
| 7:43 | Crear | Villager (Male) |
| 7:43 | Crear | Villager (Male) |
| 8:21 | Crear | Militia |
| 8:21 | Crear | Militia |
| 8:22 | Crear | Villager (Male) |
| 8:30 | Construir | Lumber Camp |
| 8:42 | Crear | Militia |
| 9:08 | Construir | House |
| 9:10 | Crear | Villager (Male) |
| 9:10 | Crear | Villager (Male) |
| 9:11 | Crear | Villager (Male) |
| 9:11 | Crear | Villager (Male) |
| 9:27 | Crear | Villager (Male) |
| 10:01 | Crear | Militia |
| 10:02 | Crear | Militia |
| 10:03 | Crear | Villager (Male) |
| 10:06 | Construir | Mining Camp |
| 10:18 | Crear | Villager (Male) |
| 10:28 | Construir | House |
| 11:03 | Construir | Palisade Wall |
| 11:06 | Construir | Palisade Gate |
| 11:14 | Crear | Militia |
| 11:14 | Crear | Militia |
| 11:39 | Crear | Villager (Male) |
| 11:44 | Construir | House |
| 12:15 | Construir | Mill |
| 12:19 | Crear | Villager (Male) |
| 12:22 | Crear | Militia |
| 12:28 | Crear | Villager (Male) |
| 12:32 | Crear | Militia |
| 12:40 | Construir | Farm |
| 12:57 | Crear | Villager (Male) |
| 13:15 | Construir | Palisade Wall |
| 13:23 | Construir | House |
| 13:27 | Construir | Farm |
| 13:54 | Crear | Villager (Male) |
| 13:56 | Construir | Farm |
| 14:15 | Crear | Villager (Male) |
| 14:26 | Crear | Militia |
| 14:26 | Crear | Militia |
| 14:29 | Crear | Villager (Male) |
| 15:02 | Construir | Barracks |
| 15:13 | Crear | Militia |
| 15:14 | Crear | Militia |
| 15:33 | Crear | Villager (Male) |
| 15:34 | Crear | Villager (Male) |
| 15:37 | Construir | Farm |
| 15:37 | Construir | Farm |
| 15:49 | Construir | Barracks |
| 16:01 | Construir | Farm |
| 16:02 | Crear | Villager (Male) |
| 16:17 | Crear | Villager (Male) |
| 16:28 | Construir | Farm |
| 16:55 | Crear | Villager (Male) |
| 17:01 | Construir | Farm |
| 17:05 | Investigar | Feudal Age |
| 17:05 | Investigar | Feudal Age |
| 17:11 | Crear | Militia |
| 17:11 | Crear | Militia |
| 17:12 | Crear | Militia |
| 17:27 | Construir | Barracks |
| 17:30 | Crear | Militia |
| 17:30 | Crear | Militia |
| 17:30 | Crear | Militia |
| 17:30 | Crear | Militia |
| 17:50 | Construir | Farm |
| 17:51 | Crear | Villager (Male) |
| 18:25 | Construir | Mill |
| 18:29 | Crear | Militia |
| 18:29 | Crear | Militia |
| 18:29 | Crear | Militia |
| 18:48 | Construir | House |
| 18:50 | Crear | Villager (Male) |
| 18:58 | Construir | House |
| 19:21 | Investigar | Man-at-Arms (upgrade) |
| 19:21 | Investigar | Man-at-Arms (upgrade) |
| 19:21 | Investigar | Man-at-Arms (upgrade) |
| 19:29 | Construir | Blacksmith |
| 19:47 | Construir | Watch Tower |
| 20:07 | Investigar | Wheelbarrow |
| 20:09 | Investigar | Double-Bit Axe |
| 20:09 | Investigar | Double-Bit Axe |
| 20:10 | Crear | Villager (Male) |
| 20:10 | Crear | Villager (Male) |
| 20:31 | Crear | Militia |
| 20:40 | Construir | Building 804 |
| 20:52 | Crear | Militia |
| 20:53 | Crear | Militia |
| 20:53 | Crear | Militia |
| 20:53 | Crear | Militia |
| 21:18 | Crear | Militia |
| 21:18 | Crear | Militia |
| 21:19 | Crear | Militia |
| 21:19 | Crear | Militia |
| 21:52 | Investigar | Scale Mail Armor |
| 21:52 | Investigar | Scale Mail Armor |
| 22:28 | Investigar | Town Watch |
| 22:29 | Crear | Villager (Male) |
| 22:31 | Construir | Archery Range |
| 22:33 | Crear | Militia |
| 22:33 | Crear | Militia |
| 22:35 | Crear | Spearman |
| 22:35 | Crear | Spearman |
| 22:46 | Crear | Villager (Male) |
| 22:47 | Crear | Villager (Male) |
| 22:52 | Construir | Farm |
| 22:53 | Construir | Farm |
| 22:53 | Construir | Farm |
| 22:53 | Construir | Farm |
| 22:53 | Construir | Farm |
| 23:14 | Crear | Militia |
| 23:14 | Crear | Spearman |
| 23:14 | Crear | Spearman |
| 23:14 | Crear | Spearman |
| 23:15 | Crear | Militia |
| 23:16 | Crear | Villager (Male) |
| 23:16 | Crear | Villager (Male) |
| 23:30 | Construir | Archery Range |
Cronología de la partida
| 0:02 | MarinMaths · first_building Barracks |
| 4:23 | 17_Ovlin · wall_segment Palisade Wall x7 |
| 5:34 | Zetoxa · first_building Barracks |
| 6:01 | Zetoxa · wall_segment Palisade Wall x1 |
| 6:04 | Zetoxa · wall_segment Palisade Wall x1 |
| 8:02 | Huey123 · first_building Barracks |
| 9:12 | 17_Ovlin · first_building Barracks |
| 10:55 | 17_Ovlin · age_up feudal |
| 11:03 | MarinMaths · wall_segment Palisade Wall x14 |
| 11:14 | 17_Ovlin · first_building Stable |
| 11:59 | Zetoxa · age_up feudal |
| 12:59 | Huey123 · age_up feudal |
| 13:15 | MarinMaths · wall_segment Palisade Wall x1 |
| 13:52 | Zetoxa · first_building Archery Range |
| 14:47 | 17_Ovlin · age_up castle |
| 16:20 | Zetoxa · age_up castle |
| 17:42 | Huey123 · first_market_buy 100 food |
| 18:03 | Zetoxa · first_building Monastery |
| 19:01 | Huey123 · wall_segment Stone Wall x1 |
| 19:02 | Huey123 · wall_segment Stone Wall x1 |
| 19:06 | Huey123 · wall_segment Stone Wall x1 |
| 19:06 | Huey123 · wall_segment Stone Wall x1 |
| 19:06 | Huey123 · wall_segment Stone Wall x1 |
| 19:14 | Zetoxa · wall_segment Stone Wall x1 |
| 19:17 | Zetoxa · wall_segment Stone Wall x1 |
| 19:19 | Huey123 · wall_segment Stone Wall x1 |
| 19:19 | Huey123 · wall_segment Stone Wall x1 |
| 19:42 | Huey123 · wall_segment Stone Wall x1 |
| 19:51 | Huey123 · wall_segment Palisade Wall x1 |
| 20:15 | Huey123 · wall_segment Stone Wall x1 |
| 20:34 | Huey123 · first_building Archery Range |
| 22:31 | MarinMaths · first_building Archery Range |
| 23:24 | Huey123 · wall_segment Stone Wall x1 |
| 24:15 | Huey123 · wall_segment Stone Wall x5 |
| 25:44 | Huey123 · wall_segment Stone Wall x1 |
| 25:45 | Huey123 · wall_segment Stone Wall x1 |
| 25:46 | MarinMaths · wall_segment Palisade Wall x4 |
| 25:47 | Huey123 · wall_segment Stone Wall x1 |
| 25:49 | Huey123 · wall_segment Stone Wall x1 |
| 25:52 | Huey123 · wall_segment Stone Wall x1 |
| 25:57 | MarinMaths · wall_segment Palisade Wall x4 |
| 25:59 | MarinMaths · wall_segment Palisade Wall x7 |
| 27:10 | 17_Ovlin · first_building Monastery |
| 27:13 | MarinMaths · wall_segment Stone Wall x1 |
| 28:06 | MarinMaths · wall_segment Stone Wall x1 |
| 32:00 | 17_Ovlin · age_up imperial |
| 32:00 | MarinMaths · resign |
| 32:20 | Zetoxa · first_market_sell 500 wood |
| 33:17 | Zetoxa · first_building Castle |
| 33:22 | Zetoxa · tribute_sent a jugador 2 |
| 33:22 | Zetoxa · tribute_sent a jugador 3 |
| 33:22 | Zetoxa · tribute_sent a jugador 4 |
| 33:26 | 17_Ovlin · first_building Castle |
| 33:54 | 17_Ovlin · first_market_sell 100 wood |
| 35:11 | Huey123 · tribute_sent a jugador 1 |
| 35:11 | Huey123 · tribute_sent a jugador 2 |
| 35:11 | Huey123 · tribute_sent a jugador 4 |
| 35:30 | Huey123 · first_market_sell 100 food |
| 35:37 | Zetoxa · age_up imperial |
| 36:11 | Huey123 · age_up castle |
| 42:07 | Zetoxa · tribute_sent a jugador 2 |
| 42:07 | Zetoxa · tribute_sent a jugador 3 |
| 42:07 | Zetoxa · tribute_sent a jugador 4 |
| 42:17 | Huey123 · wall_segment Stone Wall x1 |
| 42:18 | Huey123 · wall_segment Stone Wall x1 |
| 42:18 | Huey123 · wall_segment Stone Wall x1 |
| 42:20 | Huey123 · wall_segment Stone Wall x1 |
| 43:49 | Zetoxa · tribute_sent a jugador 2 |
| 43:49 | Zetoxa · tribute_sent a jugador 3 |
| 43:49 | Zetoxa · tribute_sent a jugador 4 |
| 44:36 | 17_Ovlin · first_building Archery Range |
| 47:52 | Zetoxa · tribute_sent a jugador 2 |
| 47:52 | Zetoxa · tribute_sent a jugador 3 |
| 47:52 | Zetoxa · tribute_sent a jugador 4 |
[ ANÁLISIS IA · 1 CRÉDITO ]
¿Qué pasó realmente en esta partida?
Wolo.gg analiza cada decisión: build order, eco, micro, errores típicos por bracket. Análisis personalizado por WhatsApp o Discord en 30 segundos.
Guía civ
Armenios
Guía mapa
Glade
Perfil
Jugador #435421